 Dungeon Crawl Stone Soup version 0.32-a0-35-gd9ff480968 (webtiles) character file.

Game seed: 2824077069552878715

95955 drugrobin the Bludgeoner (level 15, -1/130 HPs)
             Began as a Demigod Delver on Jan 22, 2024.
             Slain by a mana viper (6 damage)
             ... led by a naga ritualist
             ... on level 3 of the Lair of Beasts.
             The game lasted 01:30:26 (29502 turns).

drugrobin the Bludgeoner (Demigod Delver)          Turns: 29502, Time: 01:30:26

Health: -1/130     AC: 15    Str: 25    XL:     15   Next: 24%
Magic:  13/31      EV: 10    Int: 20    God:
Gold:   1180       SH:  4    Dex: 15    Spells: 8/30 levels left

rFire   . . .        a - +2 morningstar (freeze)
rCold   . . .        l - +0 buckler
rNeg    . . .        V - +3 scale mail {Will+}
rPois   .            O - +0 helmet
rElec   .            J - +0 cloak
rCorr   .            B - +0 pair of gloves
SInv    .            W - +0 pair of boots
Will    ++...        y - amulet of regeneration
Stlth   +            r - ring of wizardry
HPRegen 1.21/turn    i - +4 ring of slaying
MPRegen 0.22/turn

%: wizardry (x1)
@: slowed, very slow
A: high MP 1, forlorn, divine attributes
a: no special abilities


You were on level 3 of the Lair of Beasts.
You visited 4 branches of the dungeon, and saw 23 of its levels.

You collected 1804 gold pieces.
You spent 624 gold pieces at shops.

Inventory:

Hand Weapons
 a - a +2 morningstar of freezing (weapon)
 d - a +1 mace of draining
 e - a +2 flail of holy wrath
Missiles
 m - 29 poisoned darts (quivered)
 U - 3 throwing nets
Armour
 l - a +0 buckler (worn)
 B - a +0 pair of gloves (worn)
 D - +0 fire dragon scales
 J - a +0 cloak (worn)
 O - a +0 helmet (worn)
 Q - +0 acid dragon scales
 V - a +3 scale mail of willpower (worn)
 W - a +0 pair of boots (worn)
Magical Staves
 b - a staff of air
Jewellery
 i - a +4 ring of slaying (right hand)
 r - a ring of wizardry (left hand)
 y - an amulet of regeneration (around neck)
 S - a ring of ice
 T - the ring of Modesty {Fire Int+9 SInv}
   (You found it on level 8 of the Dungeon)

   [ring of fire]

   Fire:      It enhances your fire magic.
   Int+9:     It affects your intelligence (+9).
   rF+:       It protects you from fire.
   rC-:       It makes you vulnerable to cold.
   SInv:      It lets you see invisible.
Wands
 c - a wand of iceblast (4)
 g - a wand of digging (5)
 p - a wand of quicksilver (8)
 s - a wand of flame (11)
 C - a wand of mindburst (7)
 H - a wand of polymorph (16)
 P - a wand of charming (8)
Scrolls
 h - 4 scrolls of poison {unknown}
 k - a scroll of butterflies
 n - a scroll of vulnerability
 o - 8 scrolls of teleportation
 u - 4 scrolls of enchant armour {unknown}
 x - 2 scrolls of silence
 E - 3 scrolls of fog
 K - 4 scrolls of immolation {unknown}
 L - 4 scrolls of revelation
Potions
 f - 5 potions of haste
 j - 4 potions of enlightenment {unknown}
 q - 2 potions of degeneration {unknown}
 t - 3 potions of resistance {unknown}
 v - 7 potions of heal wounds {unknown}
 z - a potion of cancellation {unknown}
 A - 3 potions of brilliance {unknown}
 F - a potion of curing
 G - 5 potions of lignification {unknown}
 I - 2 potions of magic {unknown}
 M - 3 potions of might {unknown}
 R - a potion of invisibility {unknown}
 Z - 6 potions of mutation {unknown}
Miscellaneous
 w - a tin of tremorstones (2/2)
 X - a lightning rod (4/4)
 Y - a box of beasts


   Skills:
 - Level 11.5 Fighting
 - Level 16.0 Maces & Flails
 + Level 5.8 Armour
 - Level 1.7 Dodging
 - Level 4.5 Stealth
 - Level 8.0 Spellcasting
 - Level 12.0 Air Magic
 + Level 8.6 Evocations


You had 8 spell levels left.
You knew the following spells:

 Your Spells              Type           Power      Damage    Failure   Level
a - Mercury Vapours       Alch/Air       64%        N/A       1%          2
b - Mephitic Cloud        Conj/Alch/Air  24%        N/A       5%          3
c - Freezing Cloud        Conj/Ice/Air   12%        6-21      43%         5
d - Airstrike             Air            27%        2d(4-20)  1%          4
e - Summon Lightning Spi  Summ/Air       32%        N/A       8%          4
f - Static Discharge      Conj/Air       64%        3-6/arc   1%          2
g - Blink                 Tloc           16%        N/A       14%         2

Your spell library contained the following spells:

 Spells                   Type           Power      Damage    Failure   Level
 Apportation              Tloc           16%        N/A       9%          1
 Foxfire                  Conj/Fire      32%        2x1d5     9%          1
 Freeze                   Ice            32%        1d5       9%          1
 Magic Dart               Conj           32%        1d4       9%          1
 Slow                     Hex            32%        N/A       9%          1
 Sting                    Conj/Alch      32%        1d5       9%          1
 Call Imp                 Summ           16%        N/A       14%         2
 Jinxbite                 Hex            16%        N/A       14%         2
 Lesser Beckoning         Tloc           16%        N/A       14%         2
 Searing Ray              Conj           16%        2d5       14%         2
 Sublimation of Blood     Necr           8%         N/A       14%         2
 Confusing Touch          Hex            8%         N/A       26%         3
 Dazzling Flash           Conj/Hex       16%        N/A       26%         3
 Frozen Ramparts          Ice            16%        1d3       26%         3
 Fugue of the Fallen      Necr           8%         N/A       26%         3
 Gell's Gravitas          Tloc           8%         N/A       26%         3
 Hailstorm                Conj/Ice       8%         3d5       26%         3
 Ozocubu's Armour         Ice            8%         N/A       26%         3
 Sigil of Binding         Hex            8%         N/A       26%         3
 Teleport Other           Tloc           8%         N/A       26%         3
 Vampiric Draining        Necr           8%         2d6       26%         3
 Volatile Blastmotes      Fire/Tloc      16%        2d11      26%         3
 Fulminant Prism          Conj/Alch      4%         3d5       63%         4
 Manifold Assault         Tloc           8%         N/A       63%         4
 Olgreb's Toxic Radiance  Alch           8%         N/A       63%         4
 Petrify                  Alch/Erth      8%         N/A       63%         4
 Plasma Beam              Fire/Air       16%        2x1d27    71%         6
 Alistair's Intoxication  Alch           5%         N/A       91%         5
 Irradiate                Conj/Alch      4%         3d13      91%         5
 Maxwell's Capacitive Co  Air            27%        ∞         98%         8
 Starburst                Conj/Fire      4%         6d3       100%        6


Dungeon Overview and Level Annotations

Branches:
Dungeon (15/15)            Temple (0/1) D:7            Lair (5/5) D:8
 Shoals (0/4) Lair:2        Snake (1/4) Lair:3        Slime (0/5) Lair:4
    Orc (2/2) D:11            Elf (0/3) Orc:2        Vaults (0/5) D:13
 Depths (0/4) D:15

Shops:
D:5 :   D:8 :=   D:9 [   D:12 (   D:13 *   D:15 :   Orc:2 ((=(

Annotations:
D:12 exclusion: downstairs
D:13 1 runed translucent door, exclusion: door
D:14 3 runed translucent doors, exclusion: 3 doors, timneilson's ghost, journeyman OpSh
Lair:2 exclusion: door


Innate Abilities, Weirdness & Mutations

You have an increased reservoir of magic. (+10% MP)
You shall have no god before yourself.
Your divine heritage dramatically boosts your attributes as you level up.


Message History

You assume a fearsome visage.
The black mamba easily resists.
The naga ritualist looks frightened!
The black mamba looks frightened! x2
The mana viper resists with some effort.
You feel extremely sick.
* * * LOW HITPOINT WARNING * * *
You are more poisoned.
* * * LOW HITPOINT WARNING * * *
You are lethally poisoned!
The black mamba bites you!
* * * LOW HITPOINT WARNING * * *
The black mamba closely misses you.
The black mamba bites you but does no damage.
Unknown command.
Unknown command.
Unknown command.
Okay, then.
You feel better.
You feel ready to blink again. The black mamba barely misses you.
The mana viper bites you!
* * * LOW HITPOINT WARNING * * *
You feel your power leaking away. The black mamba bites you.
* * * LOW HITPOINT WARNING * * *
You are lethally poisoned!
You have difficulty breathing.
* * * LOW HITPOINT WARNING * * *
You feel as though you will be slow longer.
The mana viper closely misses you.
Cornered, the black mamba turns to fight!
The black mamba bites you but does no damage.
Unknown command.
Unknown command.
Unknown command.
Okay, then.
You feel better. You block the black mamba's attack. The mana viper bites you!
* * * LOW HITPOINT WARNING * * *
You feel your power leaking away.
The black mamba bites you but does no damage.
The mana viper bites you.
You die...

############ ########
...........# ##......#
..........## ##......##
...........# ##.......#
..........## ##........#
#........## ##.......###
##.......# ##.......##
##.......# ###......##.#
.........####P..@..S..###
..........##P..SS...###
...........#.......##
.(................##
..................#
....).........##..#
...#....#.....#...#
......P#......#...#
..............#...# #


You could see a mana viper and 2 black mambas.

Vanquished Creatures
  An ettin (D:15)
  A fire dragon (Lair:5)
  Harold (D:9)
  5 hydras
  2 ogre magi (D:15)
  6 centaur warriors
  6 two-headed ogres
  2 death knights
  A deep troll earth mage (D:15)
  2 boulder beetles
  The ghost of Xavori the Charlatan, a novice DjCK of Xom (D:8)
  2 orc high priests (Orc:2)
  5 skeletal warriors
  2 skysharks
  The ghost of Zeia the Reanimator, a novice DsNe (D:6)
  A lindwurm (Lair:5)
  A phantasmal warrior (D:14)
  6 orc knights (Orc:2)
  3 deep elf pyromancers
  A wolf spider (D:13)
  5 orc sorcerers
  6 ugly things
  6 cyclopes
  8 black mambas
  14 elephants
  A guardian serpent (Lair:3)
  2 meliai (D:14)
  14 cane toads
  2 gargoyles
  A kobold blastminer (Orc:2)
  2 molten gargoyles (Lair:5)
  12 komodo dragons
  A freezing wraith (D:14)
  2 kobold demonologists (D:10)
  5 tengu conjurers
  Psyche (D:11)
  3 trolls
  2 hornets
  3 polar bears
  6 blink frogs
  7 dream sheep (Lair:3)
  A culicivora (shapeshifter) (D:15)
  2 shadows (D:12)
  19 slime creatures
  A vampire (D:10)
  3 wraiths
  63 yaks
  A nameless horror (D:11)
  11 wyverns
  3 hogs (D:9)
  Grum (D:9)
  A human (D:9)
  A basilisk (Lair:4)
  4 steam dragons
  11 vampire mosquitoes
  A warg (Orc:2)
  14 water moccasins
  2 acid dragons
  A hell hound (Lair:5)
  An ice beast (shapeshifter) (D:15)
  5 ice beasts
  5 laughing skulls
  8 orc warriors
  A black bear (D:7)
  26 wolves
  8 centaurs
  A phantom (D:5)
  A kobold brigand (D:7)
  12 bullfrogs
  A gnoll sergeant (D:8)
  2 scorpions
  3 wights
  8 killer bees
  An electric eel (Lair:2)
  2 bombardier beetles
  4 lava snakes (Lair:5)
  3 jellies
  4 hounds
  Crazy Yiuf (D:5)
  7 orc priests
  A sleepcap (D:4)
  3 iguanas
  5 hell rats (Lair:1)
  22 orc wizards
  Terence (D:2)
  A centaur simulacrum (D:8)
  4 gnolls
  8 adders
  2 shadow imps (D:6)
  7 white imps
  2 ribbon worms
  3 dart slugs
  41 orcs
  11 endoplasms
  A giant cockroach (D:2)
  15 goblins
  5 hobgoblins (D:3)
  4 jackals (D:4)
  5 quokkas
  5 ball pythons
  4 bats
  6 frilled lizards
  13 kobolds
  3 rats
  A spectral kobold (D:10)
570 creatures vanquished.

Vanquished Creatures (collateral kills)
  A hydra (D:15)
  3 two-headed ogres (D:15)
  An orc high priest (Orc:2)
  An orc knight (Orc:1)
  2 orc sorcerers
  3 manticores
  2 cyclopes (D:13)
  2 ugly things (D:15)
  A kobold blastminer (Orc:2)
  A meliai (D:14)
  A black mamba (Lair:5)
  2 cane toads (Lair:5)
  A komodo dragon (Lair:5)
  A rime drake (Lair:3)
  2 freezing wraiths (D:14)
  3 trolls
  2 blink frogs (Lair:4)
  3 slime creatures
  2 vampire mosquitoes (D:14)
  3 hell hounds (Lair:5)
  A water moccasin (Lair:5)
  An orc warrior (Orc:2)
  A laughing skull (D:15)
  2 centaurs (D:13)
  A killer bee (D:11)
  A lava snake (Lair:5)
  3 orc priests (Orc:2)
  2 hell rats (Lair:1)
  6 orcs (Orc:2)
55 creatures vanquished.

Grand Total: 625 creatures vanquished

Notes
Turn   | Place    | Note
-------+----------+-------------------------------------------
     0 | D:5      | drugrobin the Demigod Delver began the quest for the Orb.
     0 | D:5      | Reached XP level 1. HP: 18/18 MP: 3/3
    78 | D:5      | Noticed a hound
   203 | D:4      | Noticed a hound
   230 | D:4      | Reached skill level 2 in Maces & Flails
   264 | D:4      | Noticed a sleepcap
   323 | D:4      | Noticed a scorpion
   361 | D:4      | Killed a scorpion
   362 | D:4      | Reached skill level 3 in Maces & Flails
   362 | D:4      | Reached XP level 2. HP: 17/25 MP: 4/4
   362 | D:4      | Reached XP level 3. HP: 20/30 MP: 5/5
   564 | D:3      | Reached XP level 4. HP: 37/37 MP: 6/6
  1631 | D:2      | Noticed Terence
  1658 | D:2      | Killed Terence
  1659 | D:2      | Reached XP level 5. HP: 20/42 MP: 7/7
  2249 | D:3      | Reached skill level 4 in Maces & Flails
  2446 | D:3      | Found the +7 Throatcutter {drain, coup de grace}
  2967 | D:5      | Reached XP level 6. HP: 50/50 MP: 8/8
  2993 | D:5      | Found Ilovot's Vocational Training.
  3239 | D:5      | Found a runed translucent door.
  3240 | D:5      | Noticed Crazy Yiuf
  3416 | D:5      | Killed Crazy Yiuf
  3417 | D:5      | Reached skill level 5 in Maces & Flails
  3603 | D:6      | Reached XP level 7. HP: 58/58 MP: 9/9
  3672 | D:6      | Found a runed translucent gate.
  3672 | D:6      | Noticed Zeia's ghost (novice DsNe)
  3673 | D:6      | Found a runed translucent gate.
  3674 | D:6      | Found a runed translucent gate.
  3734 | D:6      | Learned a level 2 spell: Mercury Vapours
  3738 | D:6      | Learned a level 3 spell: Mephitic Cloud
  4066 | D:7      | Noticed a steam dragon
  4069 | D:7      | Noticed a wyvern
  4070 | D:7      | Noticed Maurice
  4157 | D:6      | Reached skill level 6 in Maces & Flails
  4338 | D:6      | Reached skill level 1 in Spellcasting
  4497 | D:7      | Reached XP level 8. HP: 47/66 MP: 13/13
  4564 | D:7      | Reached skill level 5 in Fighting
  4580 | D:7      | Reached skill level 7 in Maces & Flails
  4661 | D:7      | Maurice changed into Maurice the wyvern
  4661 | D:7      | Noticed Maurice
  4674 | D:7      | Killed Maurice the wyvern
  5094 | D:7      | Found a staircase to the Ecumenical Temple.
  5217 | D:7      | Reached skill level 8 in Maces & Flails
  5332 | D:7      | Reached XP level 9. HP: 5/75 MP: 17/17
  5595 | D:8      | Found Emypt's Book Boutique.
  6002 | D:8      | Reached skill level 9 in Maces & Flails
  6002 | D:8      | Reached skill level 1 in Air Magic
  6014 | D:8      | Found a runed translucent gate.
  6014 | D:8      | Found a runed translucent gate.
  6014 | D:8      | Found a runed translucent gate.
  6235 | D:8      | Noticed Xavori's ghost (novice DjCK)
  6334 | D:8      | Found a staircase to the Lair.
  6336 | D:8      | Noticed a komodo dragon
  6371 | D:8      | Killed a komodo dragon
  6448 | D:8      | Found Pobirodwu's Jewellery Boutique.
  6979 | D:6      | Killed Zeia's ghost
  7172 | D:8      | Bought a ring of ice for 300 gold pieces
  7258 | D:8      | Killed Xavori's ghost
  7259 | D:8      | Reached skill level 10 in Maces & Flails
  7259 | D:8      | Reached XP level 10. HP: 13/86 MP: 19/19
  7425 | D:8      | Got the ring of Modesty {Fire Int+9 SInv}
  7482 | D:8      | Learned a level 5 spell: Freezing Cloud
  7551 | D:9      | Noticed Harold
  7584 | D:9      | Killed Harold
  7993 | D:9      | Noticed Grum
  8034 | D:9      | Killed Grum
  8225 | D:9      | Found Eska's Antique Armour Shoppe.
  8235 | D:9      | Reached skill level 11 in Maces & Flails
  8800 | D:10     | Entered Level 10 of the Dungeon
  9263 | D:10     | Found Zin's Purification Station.
  9270 | D:10     | Bought a potion of curing for 90 gold pieces
  9289 | D:10     | Noticed a smoke demon
  9350 | D:10     | Reached XP level 11. HP: 82/95 MP: 9/20
  9493 | D:10     | Reached skill level 12 in Maces & Flails
  9613 | D:10     | Found a large runed translucent door.
  9614 | D:10     | Found a large runed translucent door.
  9685 | D:10     | Noticed a centaur warrior
  9726 | D:10     | Found a large runed translucent door.
  9726 | D:10     | Found a large runed translucent door.
  9800 | D:10     | Paralysed by a hornet for 3 turns
  9810 | D:10     | Noticed a death knight
  9881 | D:10     | Learned a level 4 spell: Airstrike
  9886 | D:10     | Learned a level 4 spell: Summon Lightning Spire
 10256 | D:10     | Noticed a two-headed ogre
 10266 | D:10     | Killed a two-headed ogre
 10641 | D:11     | Reached skill level 13 in Maces & Flails
 11450 | D:11     | Noticed Psyche
 11508 | D:11     | Found a staircase to the Orcish Mines.
 11752 | D:10     | Killed a death knight
 11753 | D:10     | Reached skill level 10 in Fighting
 11866 | D:10     | Killed a centaur warrior
 12041 | Lair:1   | Entered Level 1 of the Lair of Beasts
 12048 | D:8      | HP: 4/99 [bullfrog (6)]
 12060 | D:8      | Reached skill level 14 in Maces & Flails
 12157 | D:8      | Reached XP level 12. HP: 78/106 MP: 21/21
 12546 | D:8      | Reached skill level 5 in Air Magic
 13622 | Lair:2   | Found a staircase to the Shoals.
 13714 | Lair:2   | Noticed a boulder beetle
 13732 | Lair:2   | Killed a boulder beetle
 13733 | Lair:2   | Reached skill level 15 in Maces & Flails
 14435 | Lair:3   | Noticed a seven-headed hydra
 14439 | Lair:3   | Killed a seven-headed hydra
 14672 | Lair:3   | Reached skill level 5 in Evocations
 14934 | Lair:3   | Found a staircase to the Snake Pit.
 15105 | Lair:3   | Reached XP level 13. HP: 115/115 MP: 12/22
 15964 | Lair:4   | Found a staircase to the Slime Pits.
 16403 | Lair:4   | Reached skill level 16 in Maces & Flails
 16889 | Lair:4   | Identified the +5 trident "Micam" {freeze, rF+ Will- rCorr}
 17113 | Lair:4   | Learned a level 2 spell: Static Discharge
 17391 | Lair:5   | Entered Level 5 of the Lair of Beasts
 18500 | Lair:5   | Reached skill level 10 in Air Magic
 19101 | Lair:5   | Identified the +6 halberd "Lic Woalu" {antimagic, rPois
                  | rCorr Dex+3}
 19737 | Lair:5   | Found a large runed translucent door.
 19738 | Lair:5   | Found a large runed translucent door.
 20186 | Orc:1    | Entered Level 1 of the Orcish Mines
 20253 | Orc:1    | Reached XP level 14. HP: 98/122 MP: 19/24
 20380 | Orc:2    | Entered Level 2 of the Orcish Mines
 21357 | Orc:2    | Found a staircase to the Elven Halls.
 21406 | Orc:2    | Found Damerche's Antique Weapon Boutique.
 21456 | Orc:2    | Reached skill level 1 in Armour
 21798 | Orc:2    | Found Looxyot's Antique Weapon Boutique.
 21803 | Orc:2    | Found Orhiukeca's Weapon Shoppe.
 21810 | Orc:2    | Found Rerrunk's Jewellery Shoppe.
 22690 | D:11     | Killed Psyche
 23192 | D:11     | Reached skill level 5 in Spellcasting
 23526 | D:12     | Found Ynoasuast's Antique Weapon Shoppe.
 24392 | D:13     | Found a gate to the Vaults.
 24541 | D:13     | Found Yxais's General Store.
 24553 | D:13     | Bought a scroll of identify for 26 gold pieces
 24553 | D:13     | Bought a book of Minor Magic for 208 gold pieces
 24558 | D:13     | Learned a level 2 spell: Blink
 25202 | D:13     | Found a runed translucent door.
 25242 | D:13     | Noticed a storm dragon
 25243 | D:13     | Noticed a storm dragon
 25244 | D:13     | Identified the +6 great mace of Sijui {heavy, Str-2 Dex+8}
 26019 | D:14     | Found a runed translucent gate.
 26019 | D:14     | Noticed a tengu reaver
 26019 | D:14     | Noticed timneilson's ghost (journeyman OpSh)
 26020 | D:14     | Found a runed translucent gate.
 26027 | D:14     | Found a runed translucent gate.
 27314 | D:15     | Entered Level 15 of the Dungeon
 27705 | D:15     | Reached skill level 5 in Armour
 27808 | D:15     | Reached XP level 15. HP: 130/130 MP: 20/30
 28685 | D:15     | Found Onnouruv's Book Shop.
 29073 | D:15     | Found a staircase to the Depths.
 29492 | Snake:1  | Entered Level 1 of the Snake Pit
 29502 | Lair:3   | HP: 5/130 [mana viper[a naga ritualist] (15)]
 29502 | Lair:3   | Slain by a mana viper

Illustrated notes

Levels and vault maps discovered:
D:1:      shiori_arrival_oz, layout_rooms, serial_park_tiny_2,
          kennysheep_decorative_pillar, st_stairs_9, reono_crystal_passage
D:2:      layout_rooms, kennysheep_potato, uniq_terence
D:3:      layout_loops_ring, minmay_goblin_kobold_house
D:4:      layout_rooms, nicolae_overflow_hidden_temple
D:5:      layout_rooms, mainiacjoe_overflow_alcove_4,
          mainiacjoe_overflow_concentric_impassable, nicolae_shop_vocational,
          uniq_crazy_yiuf_cottage
D:6:      layout_cave_pools, gammafunk_ghost_split
D:7:      layout_rooms, minmay_temple_entry_nine_rooms, uniq_maurice
D:8:      layout_basic, kennysheep_little_box, david_lair_shrubbed,
          gammafunk_ghost_icy, serial_shops, shop, nicolae_inconvenience_store
D:9:      layout_loops_corners, old_standard_altar, serial_shops, shop,
          grunt_livestock, nicolae_tricolors, uniq_harold, uniq_grum
D:10:     layout_basic, grunt_dithmenos_smoke, tgw_sif, zin_purify,
          nicolae_hepliaklqana_monster_ancestors, minmay_hollow_rounded_squares
D:11:     layout_loops_cross, orc_0_dummy, uniq_psyche
D:12:     layout_rooms, serial_shops, shop, kennysheep_flooded_box
D:13:     layout_cave_pods, hellmonk_vaults_attempted_burglary, serial_shops,
          nicolae_shop_peninsula, minivault_13
D:14:     layout_stronghold, nicolae_vehumet_radiance, gammafunk_ghost_split,
          trog_three_pillars_becter
D:15:     hellmonk_depths_entry_around_the_bend, layout_irregular_city,
          serial_bayou_pond_e, serial_shops, nicolae_shop_tiny_glass
Lair:1:   layout_big_grid, grunt_megastairs_1, serial_bayou_shore_a,
          infiniplex_staircase_pool_2
Lair:2:   layout_gridlike, minmay_shoals_entry_hut, nzn_sisyphean_effort
Lair:3:   layout_hall_layers, minmay_snake_entry_spellcaster
Lair:4:   layout_hall_layers, nicolae_slime_entry_slimehenge, basic_altar
Lair:5:   cheibrodos_lair_end_hotspot, layout_misc_corridors, basic_altar
Snake:1:  layout_gridlike, grunt_ministairs_7, uniq_azrael
Orc:1:    layout_caves, bloody_makhleb
Orc:2:    st_orc_elflike, layout_caves

Skill      XL: |  1  2  3  4  5  6  7  8  9 10 11 12 13 14 15 |
---------------+----------------------------------------------+-----
Maces & Flails | 3 4 5 6 8 10 11 14 15 16 | 16.0
Evocations     | 2 3 4 5 6 8 |  8.6
Fighting       | 3 4 5 7 8 10 11 | 11.5
Spellcasting   | 1 3 4 7 8 |  8.0
Air Magic      | 3 4 6 11 12 | 12.0
Armour         | 5 |  5.8
Dodging        | |  1.7
Stealth        | |  4.5

Action                     |  1- 3 |  4- 6 |  7- 9 | 10-12 | 13-15 || total
---------------------------+-------+-------+-------+-------+-------++-------
  Melee: Mace              |    54 |   210 |   242 |   250 |       ||   756
         Punch             |     1 |     3 |     4 |     6 |       ||    14
         Long sword        |       |    39 |       |       |       ||    39
         Flail             |       |       |    30 |    25 |    58 ||   113
         Morningstar       |       |       |       |   299 |   614 ||   913
         Staff             |       |       |       |       |    16 ||    16
   Fire: Sling             |     6 |       |       |       |       ||     6
  Throw: Dart              |     1 |     6 |    10 |     7 |    10 ||    34
         Boomerang         |       |       |     6 |       |       ||     6
   Cast: Mercury Vapours   |       |       |    29 |    59 |    61 ||   149
         Mephitic Cloud    |       |       |     7 |    21 |    38 ||    66
         Summon Lightning  |       |       |       |     8 |    76 ||    84
         Airstrike         |       |       |       |    22 |   143 ||   165
         Freezing Cloud    |       |       |       |       |     1 ||     1
         Static Discharge  |       |       |       |       |     2 ||     2
         Blink             |       |       |       |       |     1 ||     1
  Evoke: Wand              |     1 |     2 |     6 |     7 |     3 ||    19
         Lightning rod     |       |       |       |    12 |     8 ||    20
    Use: Scroll            |       |       |     1 |     7 |     7 ||    15
         Potion            |       |       |       |     4 |     3 ||     7
   Stab: Confused          |       |       |    10 |    24 |    26 ||    60
         Distracted        |       |       |       |       |     7 ||     7
         Sleeping          |       |       |       |       |     1 ||     1
 Armour: Ring mail         |    35 |       |       |       |       ||    35
         Chain mail        |     8 |   205 |   123 |       |       ||   336
         Leather armour    |       |       |    33 |       |       ||    33
         Steam dragon scal |       |       |    44 |       |       ||    44
         Acid dragon scale |       |       |    46 |    38 |       ||    84
         Scale mail        |       |       |       |   479 |   482 ||   961
  Dodge: Dodged            |    33 |    81 |   126 |   276 |   182 ||   698
  Block: Buckler           |       |       |       |    14 |    69 ||    83

Table legend: (Time is in decaauts)
 A = Elapsed time spent in this place.
 B = Non-inter-level travel time spent in this place.
 C = Inter-level travel time spent in this place.
 D = Time resting spent in this place.
 E = Time spent auto-exploring this place.
 F = Levels seen in this place.
 G = Mean time per level.
                   A        B        C        D        E       F      G
               +--------+--------+--------+--------+--------+-----+--------+
         Total |  29336 |  27119 |   2217 |   3370 |  17060 |  23 | 1275.5 |
       Dungeon |  19468 |  17974 |   1494 |   2292 |  10907 |  15 | 1297.9 |
          Lair |   7545 |   6945 |    600 |    812 |   4720 |   5 | 1509.0 |
     Snake Pit |      1 |      1 |      0 |      0 |      0 |   1 |    1.0 |
  Orcish Mines |   2320 |   2199 |    121 |    266 |   1432 |   2 | 1160.0 |
               +--------+--------+--------+--------+--------+-----+--------+

Top non-repeatable levels by time:
     D:8: 2336 daAuts
    D:10: 2026 daAuts
  Lair:4: 1970 daAuts
  Lair:5: 1949 daAuts
    D:14: 1937 daAuts
    D:15: 1903 daAuts
    D:11: 1836 daAuts
    D:13: 1471 daAuts
   Orc:2: 1464 daAuts
  Lair:3: 1422 daAuts
     D:9: 1382 daAuts
  Lair:2: 1179 daAuts
     D:6: 1148 daAuts
     D:7: 1090 daAuts
  Lair:1: 1023 daAuts
